 Dungeon Crawl Stone Soup version 0.18.1-48-g4cf74bf (webtiles) character file.

137 saintsgambit the Shield-Bearer (level 5, -1/42 HPs)
             Began as a Formicid Fighter on June 30, 2016.
             Succumbed to an orc's poison
             ... on level 3 of the Dungeon.
             The game lasted 00:07:15 (1655 turns).

saintsgambit the Shield-Bearer (Formicid Fighter)   Turns: 1655, Time: 00:07:16

Health: -1/42      AC:  8    Str: 21    XL:     5   Next: 44%
Magic:  5/5        EV:  8    Int:  8    God:
Gold:   114        SH:  9    Dex: 10    Spells: 0 memorised, 4 levels left

rFire  . . .     SeeInvis +     a - +0 quarterstaff
rCold  . . .     Gourm    .     b - +0 scale mail
rNeg   . . .     Faith    .     c - +0 shield
rPois  .         Spirit   .     (helmet unavailable)
rElec  .         Dismiss  .     h - +0 cloak
rCorr  .         Reflect  .     (no gloves)
SustAt .         Harm     .     (no boots)
MR     .....                    (no amulet)
Stlth  ..........               (no ring)
                                (no ring)

@: lethally poisoned (-1 -> -34), not resistant to hostile enchantments,
extremely unstealthy
A: permanent stasis, dig shafts and tunnels, four strong arms, antennae 3
a: Dig, Shaft Self


You were on level 3 of the Dungeon.
You were near starving.

You visited 1 branch of the dungeon, and saw 3 of its levels.

You collected 114 gold pieces.

Inventory:

Hand Weapons
 a - a +0 quarterstaff (weapon)
 t - a +0 spear
Missiles
 i - 19 poisoned needles
Armour
 b - a +0 scale mail (worn)
 c - a +0 shield (worn)
 h - a +0 cloak (worn)
Scrolls
 g - a scroll of magic mapping {unknown}
 j - a scroll of recharging {unknown}
 k - a scroll of blinking {unknown}
 l - a scroll of fog {unknown}
 p - a scroll of noise {unknown}
 q - a scroll of identify
 v - a scroll of enchant weapon {unknown}
Potions
 d - a potion of might
 e - a potion of brilliance
 m - a potion of mutation {unknown}
 n - a potion of curing {unknown}
 r - a potion of beneficial mutation {unknown}
Comestibles
 f - 2 bread rations
 o - a meat ration
 u - 3 fruits


   Skills:
 + Level 3.8 Fighting
 + Level 2.4 Staves
 + Level 4.3 Armour
 + Level 1.1 Dodging
 + Level 0.6 Stealth
 + Level 4.8 Shields


You had 4 spell levels left.
You didn't know any spells.

Dungeon Overview and Level Annotations

Branches:
Dungeon (3/15)

Altars:
Cheibriados
Yredelemnul

Annotations:
D:3 Pastrie's ghost, amateur MiFi


Innate Abilities, Weirdness & Mutations

You are under a permanent stasis effect.
You can dig through walls and to a lower floor.
Your four strong arms can wield two-handed weapons with a shield.
You have a pair of large antennae on your head (SInv).


Message History

Pastrie's ghost barely misses you. You block the orc's attack.
You closely miss the orc.
You feel sick. Pastrie's ghost hits you. The orc barely misses you.
You closely miss the orc.
You feel sick. Pastrie's ghost hits you!
* * * LOW HITPOINT WARNING * * *
The orc hits you but does no damage.
You are more poisoned.
You block Pastrie's ghost's attack.
You closely miss the orc.
* * * LOW HITPOINT WARNING * * *
You feel very sick. The orc hits you but does no damage.
You are more poisoned.
Pastrie's ghost closely misses you.
You sock the orc!
You kill the orc!
* * * LOW HITPOINT WARNING * * *
You feel very sick. Pastrie's ghost closely misses you.
You die...

#.....# #.# ###.##### #.##### #.#
#.# #.# #.# #.#
#.#########.#######.# #####
#...................#
....###...###.....#..######
##...##...###.....#..# ######
#(..........#...(.#..# #.....
#...........#..#@....# #.# .#
#.....oo{...#........# #.# ..
##...##.o{######W).### #.# #.
#######.o{### #...# ###.###. .#
#.......# #...# #.......
.####.##.##.####)..#######.##.##.
...##.##.#...(.).........#.##.##.
...##...............<....#.......
...##..#.#..#######......#..#.##.


You could see Pastrie's ghost.

Vanquished Creatures
  An orc priest (D:3)
  4 adders
  A worm (D:2)
  A dart slug (D:1)
  8 orcs (D:3)
  A ball python (D:3)
  8 giant cockroaches
  4 goblins
  6 hobgoblins
  5 kobolds
  A quokka (D:3)
  10 bats
  2 giant newts
  2 gnoll zombies (D:3)
  6 rats
60 creatures vanquished.

Notes
Turn   | Place    | Note
--------------------------------------------------------------
     0 | D:1      | saintsgambit the Formicid Fighter began the quest for the Orb.
     0 | D:1      | Reached XP level 1. HP: 18/18 MP: 1/1
   148 | D:1      | Reached XP level 2. HP: 17/24 MP: 2/2
   538 | D:1      | Reached XP level 3. HP: 24/29 MP: 3/3
   784 | D:2      | Reached XP level 4. HP: 31/37 MP: 4/4
   965 | D:2      | Found a snail-covered altar of Cheibriados.
  1090 | D:3      | Found a basalt altar of Yredelemnul.
  1440 | D:3      | Reached XP level 5. HP: 40/42 MP: 5/5
  1637 | D:3      | Noticed Pastrie's ghost (amateur MiFi)
  1640 | D:3      | Reached skill level 1 in Dodging
  1654 | D:3      | HP: 1/42 [poisoned by an orc]
  1655 | D:3      | Succumbed to an orc's poison

Skill      XL: |  1  2  3  4  5 |
---------------+----------------+-----
Shields        | 4 |  4.8
Armour         | 4 |  4.3
Dodging        | 1 |  1.1
Fighting       | |  3.8
Staves         | |  2.4
Stealth        | |  0.6

Action                   |  1- 3 |  4- 6 || total
-------------------------+-------+-------++-------
Melee: Quarterstaff      |    92 |   117 ||   209
  Use: Scroll            |       |     2 ||     2
       Potion            |       |     1 ||     1
  Eat: Chunk             |       |     1 ||     1
Armor: Scale mail        |    41 |    54 ||    95
Dodge: Dodged            |    21 |    47 ||    68
Block: Shield            |    46 |    80 ||   126
